 Dungeon Crawl Stone Soup version 0.24.0-29-g8ce449bc06 (webtiles) character file.

Game seed: 10271985906088678583, levelgen mode: deterministic

9716 DildoBatman the Black Sun (level 11, -10/80 HPs)
             Began as a Formicid Wizard on Nov 13, 2019.
             Was a High Priest of Kikubaaqudgha.
             Mangled by Snorg (15 damage)
             ... on level 11 of the Dungeon on Nov 14, 2019.
             The game lasted 00:38:09 (9392 turns).

DildoBatman the Black Sun (Formicid Wizard)         Turns: 9392, Time: 00:38:09

Health: -10/80     AC: 11    Str: 15    XL:     11   Next: 79%
Magic:  19/30      EV: 13    Int: 28    God:    Kikubaaqudgha [*****.]
Gold:   556        SH:  0    Dex: 11    Spells: 2/24 levels left

rFire    x . .     SeeInvis +   a - +10 flail "Odogerul" {venom, rF- Str+3 Int+7}
rCold    . . .     Gourm    .   (no shield)
rNeg     . . .     Faith    .   o - +3 troll leather armour
rPois    .         Spirit   .   (helmet unavailable)
rElec    .         Reflect  .   (no cloak)
rCorr    .         Harm     .   l - +0 pair of gloves
MR       +....                  B - +1 pair of boots
Stlth    +.........             (no amulet)
HPRegen  0.63/turn              r - +2 ring of dexterity
MPRegen  0.22/turn              w - ring of magical power

@: confused
A: permanent stasis, dig shafts and tunnels, four strong arms, antennae 3
a: Dig, Shaft Self, Receive Corpses, Torment, Renounce Religion


You were on level 11 of the Dungeon.
You worshipped Kikubaaqudgha.
Kikubaaqudgha was extremely pleased with you.
You were not hungry.

You visited 2 branches of the dungeon, and saw 12 of its levels.

You collected 604 gold pieces.
You spent 48 gold pieces at shops.

Inventory:

Hand Weapons
 a - the +10 flail "Odogerul" (weapon) {venom, rF- Str+3 Int+7}
   (You found it on level 7 of the Dungeon)

   It poisons the flesh of those it strikes.
   It affects your strength (+3).
   It affects your intelligence (+7).
   It makes you vulnerable to fire.
 e - a +2 halberd of venom
Missiles
 h - 36 poisoned darts
 k - 283 stones (quivered)
 y - 179 arrows
 A - 56 sling bullets
 H - 111 bolts
Armour
 l - a +0 pair of gloves (worn)
 o - a +3 troll leather armour (worn)
 B - a +1 pair of boots (worn)
Magical Staves
 b - an uncursed staff of power
Jewellery
 m - an uncursed ring of positive energy
 n - an uncursed ring of magical power
 q - an uncursed ring of protection from magic
 r - a +2 ring of dexterity (left hand)
 w - a ring of magical power (right hand)
 K - an uncursed ring of fire
Wands
 c - a wand of flame (14)
 G - a wand of disintegration (17)
 J - a wand of iceblast (8)
Scrolls
 d - 2 scrolls of amnesia
 i - 3 scrolls of immolation
 j - a scroll of random uselessness {unknown}
 x - 8 scrolls of remove curse
 z - 3 scrolls of identify
 C - 5 scrolls of magic mapping
 D - a scroll of fog {unknown}
 I - 2 scrolls of fear
 L - a scroll of silence {unknown}
 M - a scroll of acquirement {unknown}
 O - a scroll of brand weapon {unknown}
Potions
 f - 4 potions of might
 p - 4 potions of curing
 s - a potion of cancellation {unknown}
 t - a potion of agility {unknown}
 u - 2 potions of lignification
 E - a potion of berserk rage {unknown}
 F - 3 potions of resistance {unknown}
Comestibles
 v - 15 rations
 N - 5 chunks of flesh


   Skills:
 * Level 5.5 Fighting
 * Level 5.6 Armour
 * Level 5.1 Dodging
 - Level 2.4 Stealth
 - Level 7.3 Spellcasting
 - Level 6.0 Conjurations
   Level 1.0 Summonings
 - Level 9.0 Necromancy
   Level 0.8 Translocations
 - Level 5.1 Fire Magic
 - Level 5.0 Air Magic


You had 2 spell levels left.
You knew the following spells:

 Your Spells              Type           Power        Failure   Level  Hunger
a - Conjure Flame         Conj/Fire      #####...     1%          3    None
c - Magic Dart            Conj           ####         1%          1    None
d - Vampiric Draining     Necr           ######....   1%          3    None
e - Mephitic Cloud        Conj/Pois/Air  ####....     4%          3    None
f - Bolt of Draining      Conj/Necr      ######....   8%          5    ####...
h - Dispel Undead         Necr           ######..     4%          5    ####...
z - Sublimation of Blood  Necr           ######....   1%          2    None

Your spell library contained the following spells:

 Spells                   Type           Power        Failure   Level  Hunger
 Pain                     Necr           ####         1%          1    None
 Corpse Rot               Necr           N/A          1%          2    None
 Confusing Touch          Hex            ##....       6%          1    None
 Corona                   Hex            ##.....      6%          1    None
 Call Imp                 Summ           ###.....     6%          2    None
 Ensorcelled Hibernation  Hex/Ice        ##....       10%         2    None
 Slow                     Hex            ##......     10%         2    None
 Animate Dead             Necr           N/A          1%          4    ##.....
 Dazzling Spray           Conj/Hex       ####..       5%          3    None
 Gell's Gravitas          Tloc           ###.......   13%         3    None
 Confuse                  Hex            ##......     19%         3    None
 Tukima's Dance           Hex            ##......     19%         3    None
 Death Channel            Necr           ######....   24%         6    ######.
 Excruciating Wounds      Chrm/Necr      #####.....   26%         5    ####...
 Bolt of Magma            Conj/Fire/Erth ####......   36%         5    ####...
 Iskenderun's Battlesphe  Conj/Chrm      ####....     45%         5    ####...
 Venom Bolt               Conj/Pois      ####......   45%         5    ####...
 Petrify                  Tmut/Erth      ##......     54%         4    ##.....
 Metabolic Englaciation   Hex/Ice        ##........   87%         5    ####...
 Yara's Violent Unravell  Hex/Tmut       ##........   87%         5    ####...
 Iron Shot                Conj/Erth      ####......   95%         6    ######.
 Orb of Destruction       Conj           #####.....   99%         7    #######
 Spellforged Servitor     Conj/Summ      ####......   100%        7    #######
 Blink                    Tloc           Unusable     N/A         2    N/A

Dungeon Overview and Level Annotations

Branches:
Dungeon (11/15)            Temple (1/1) D:4            Lair (0/6) D:8
    Orc: D:9-12

Altars:
Dithmenos
Fedhas
Kikubaaqudgha
Nemelex Xobeh
Ru
Uskayaw
Vehumet
Yredelemnul
Zin
The Shining One

Shops:
D:7 }   D:10 !

Annotations:
D:11 Snorg


Innate Abilities, Weirdness & Mutations

You cannot be hasted, slowed, berserked, paralysed or teleported.
You can dig through walls and to a lower floor.
Your four strong arms can wield two-handed weapons with a shield.
You have a pair of large antennae on your head. (SInv)


Message History

Snorg is engulfed in blazing flames.
Casting: Mephitic Cloud (safe; 4% risk of failure)
Confirm with . or Enter, or press ? or * to list all spells.
Aiming: Mephitic Cloud (safe; 4% risk of failure)
Press: ? - help, Shift-Dir - straight line, f - Snorg
Aim: Snorg (heavily wounded, berserk, fast, unusually strong) That beam is likely to hit you.
Continue anyway?
The ball explodes into a vile cloud!
The stinking cloud engulfs Snorg but does no damage.
Snorg is heavily wounded.
The stinking cloud engulfs you but does no damage.
You are engulfed in noxious fumes.
You choke on the stench!
You are confused.
Snorg is engulfed in noxious fumes.
Snorg appears confused.
Snorg closely misses you. x2
Snorg claws you!
You die...
Kikubaaqudgha rasps: "You have failed me!
Welcome... death!"

######### #.....#
#.......### #.....#
#.......#.####.....#
+.......'...##.....#
#.......###.##.....#
#.......# #..#.....#
#☼§@....# ##.#.....#
##T###### #<......#
#○§# ###.....# #§##
###.#### #○# #...#


yyy ####'###### ..{.. #.....).... ....... #......)).. ......... {+.......... You
could see Snorg (berserk) and 2 killer bees.

Vanquished Creatures
  A two-headed ogre (D:10)
  Nergalle (D:11)
  An ugly thing (D:11)
  2 centaur skeletons
  A troll (D:10)
  A hippogriff (D:8)
  A shadow (D:10)
  8 yaks
  2 basilisks
  2 hungry ghosts
  5 porcupines (D:8)
  4 sky beasts
  An ice beast (D:5)
  3 orc warriors
  4 phantoms
  2 black bears
  3 ogres
  3 centaurs
  4 crocodiles
  A big kobold (D:8)
  5 bullfrogs
  A water moccasin zombie (D:9)
  2 water moccasin skeletons
  A wyvern skeleton (D:8)
  5 scorpions
  9 killer bees
  3 wights (D:7)
  4 electric eels (D:10)
  4 howler monkeys
  3 crimson imps
  A centaur zombie (D:9)
  A bullfrog zombie (D:5)
  4 hounds
  8 orc wizards
  A bullfrog skeleton (D:6)
  2 jellies
  2 orc priests
  5 iguanas
  Terence (D:3)
  12 worker ants
  A killer bee zombie (D:10)
  A hound zombie (D:3)
  A hound skeleton (D:8)
  A worker ant zombie (D:6)
  9 adders
  7 gnolls
  3 shadow imps
  2 oozes
  An adder skeleton (D:9)
  An adder zombie (D:7)
  2 worms
  A dart slug (D:5)
  5 leopard geckos
  22 orcs
  5 giant cockroaches
  7 goblins
  12 hobgoblins
  36 jackals
  4 quokkas
  8 bats
  3 frilled lizards
  A jackal zombie (D:7)
  11 kobolds
  A leopard gecko skeleton (D:5)
  A quokka zombie (D:6)
  6 rats
276 creatures vanquished.

Vanquished Creatures (collateral kills)
  A yak (D:8)
1 creature vanquished.

Vanquished Creatures (others)
  An electric eel (D:10)
  4 plants (D:8)
5 creatures vanquished.

Grand Total: 282 creatures vanquished

Notes
Turn   | Place    | Note
-------+----------+-------------------------------------------
     0 | D:1      | DildoBatman the Formicid Wizard began the quest for the
                  | Orb.
     0 | D:1      | Reached XP level 1. HP: 13/13 MP: 4/4
   135 | D:1      | Reached skill level 1 in Conjurations
   372 | D:1      | Reached XP level 2. HP: 19/19 MP: 4/6
   726 | D:1      | Reached XP level 3. HP: 19/24 MP: 0/7
   731 | D:1      | Learned a level 3 spell: Conjure Flame
   735 | D:1      | Learned a level 3 spell: Mephitic Cloud
  1569 | D:2      | Reached XP level 4. HP: 30/30 MP: 5/8
  1575 | D:2      | Noticed an ogre
  1622 | D:2      | Killed an ogre
  1622 | D:2      | Reached XP level 5. HP: 35/35 MP: 1/9
  1925 | D:2      | Found a glowing golden altar of the Shining One.
  2403 | D:2      | Found a blossoming altar of Fedhas.
  2708 | D:3      | Found a sparkling altar of Nemelex Xobeh.
  2708 | D:3      | Found a glowing silver altar of Zin.
  2749 | D:3      | Found a shadowy altar of Dithmenos.
  2749 | D:3      | Found a sacrificial altar of Ru.
  2751 | D:3      | Found a hide-covered altar of Uskayaw.
  2751 | D:3      | Found a radiant altar of Vehumet.
  2756 | D:3      | Found an ancient bone altar of Kikubaaqudgha.
  2765 | D:3      | Became a worshipper of Kikubaaqudgha
  2923 | D:3      | Reached XP level 6. HP: 19/41 MP: 7/10
  3083 | D:3      | Reached skill level 5 in Conjurations
  3125 | D:3      | Noticed Terence
  3142 | D:3      | Killed Terence
  3547 | D:4      | Reached * piety under Kikubaaqudgha
  3547 | D:4      | Identified Kikubaaqudgha's Reference Book on Stolen Souls
                  | (Kikubaaqudgha gifted it to you on level 4 of the Dungeon)
  3547 | D:4      | Received a gift from Kikubaaqudgha
  3552 | D:4      | Learned a level 2 spell: Sublimation of Blood
  3561 | D:4      | Found a staircase to the Ecumenical Temple.
  3674 | Temple   | Entered the Ecumenical Temple
  3780 | D:4      | Reached XP level 7. HP: 45/46 MP: 11/11
  4017 | D:5      | Entered Level 5 of the Dungeon
  4035 | D:4      | Reached skill level 1 in Fire Magic
  4035 | D:4      | Reached skill level 1 in Air Magic
  4238 | D:4      | Reached skill level 1 in Necromancy
  4440 | D:5      | Found a basalt altar of Yredelemnul.
  4546 | D:5      | Reached skill level 2 in Necromancy
  4566 | D:5      | Reached XP level 8. HP: 44/52 MP: 12/12
  4648 | D:5      | Reached ** piety under Kikubaaqudgha
  4667 | D:5      | Reached skill level 3 in Necromancy
  4790 | D:5      | Found a blossoming altar of Fedhas.
  5389 | D:6      | Reached skill level 4 in Necromancy
  5423 | D:6      | Reached XP level 9. HP: 17/57 MP: 2/13
  5583 | D:6      | Reached *** piety under Kikubaaqudgha
  5583 | D:6      | Identified Kikubaaqudgha's Guide on Evil (Kikubaaqudgha
                  | gifted it to you on level 6 of the Dungeon)
  5583 | D:6      | Received a gift from Kikubaaqudgha
  5583 | D:6      | Reached skill level 5 in Fire Magic
  5591 | D:6      | Learned a level 5 spell: Dispel Undead
  5958 | D:7      | Found Kuoh's Gadget Emporium.
  6264 | D:7      | Reached skill level 5 in Spellcasting
  6329 | D:7      | Reached skill level 5 in Air Magic
  6531 | D:7      | Reached skill level 5 in Necromancy
  6712 | D:7      | Reached XP level 10. HP: 46/63 MP: 19/19
  6749 | D:7      | Got a warped flail
  6756 | D:7      | Learned a level 5 spell: Bolt of Draining
  7028 | D:8      | Reached skill level 6 in Necromancy
  7088 | D:8      | Reached **** piety under Kikubaaqudgha
  7117 | D:8      | Reached skill level 7 in Necromancy
  7214 | D:8      | Found a staircase to the Lair.
  7267 | D:8      | Reached skill level 8 in Necromancy
  7728 | D:8      | Identified the +10 flail "Odogerul" {venom, rF- Str+3
                  | Int+7} (You found it on level 7 of the Dungeon)
  7761 | D:8      | Upgraded the game from 0.24.0-28-g17ded55e90 to
                  | 0.24.0-29-g8ce449bc06
  7863 | D:9      | Reached skill level 9 in Necromancy
  7887 | D:9      | Learned a level 3 spell: Vampiric Draining
  7935 | D:9      | Reached skill level 1 in Fighting
  7935 | D:9      | Reached skill level 1 in Armour
  8104 | D:9      | Reached XP level 11. HP: 60/72 MP: 21/21
  8556 | D:10     | Entered Level 10 of the Dungeon
  8570 | D:10     | Reached ***** piety under Kikubaaqudgha
  8597 | D:10     | Noticed a two-headed ogre
  8604 | D:10     | Killed a two-headed ogre
  8760 | D:10     | Found Lecwiocs's Distillery.
  8804 | D:10     | Bought a potion of degeneration for 12 gold pieces
  8805 | D:10     | Bought a potion of lignification for 36 gold pieces
  9016 | D:10     | Reached skill level 5 in Armour
  9268 | D:10     | Reached skill level 5 in Fighting
  9373 | D:11     | Noticed a purple ugly thing
  9374 | D:11     | Noticed Snorg
  9376 | D:11     | Noticed Nergalle
  9383 | D:11     | Killed a purple ugly thing
  9388 | D:11     | Killed Nergalle
  9388 | D:11     | Reached skill level 5 in Dodging
  9390 | D:11     | HP: 3/80 [Snorg (13)]
  9392 | D:11     | Mangled by Snorg

Levels and vault maps discovered:
D:1:      mrwooster_arrival_statue, layout_basic
D:2:      layout_basic, marbit_many_paths, lemuel_round_altar
D:3:      layout_loops_ring, grunt_temple_overflow_open, first_ration,
          kennysheep_generic_room_14, uniq_terence
D:4:      layout_gridville, minmay_temple_entry_drinking_statues
D:5:      layout_cave_pools, basic_altar, kennysheep_flooded_box
D:6:      layout_gridville
D:7:      layout_basic, serial_shops, shop, zaba_anthole
D:8:      layout_cave_pools, minmay_lair_entry_grove
D:9:      layout_loops_cross, grunt_ministairs_12
D:10:     layout_basic, serial_shops, nicolae_shop_waterfront
D:11:     layout_roguey, grunt_tengu_nest, minmay_fractal_squares_gapless_5,
          uniq_snorg, uniq_nergalle, uniq_psyche, uniq_fannar
Temple:   nicolae_temple_figure_eight

Skill      XL: |  1  2  3  4  5  6  7  8  9 10 11 |
---------------+----------------------------------+-----
Conjurations   | 1 2 3 4 5 6 |  6.0
Fire Magic     | 2 4 5 |  5.1
Air Magic      | 2 3 5 |  5.0
Necromancy     | 2 4 5 9 |  9.0
Spellcasting   | 6 7 |  7.3
Dodging        | 2 5 |  5.1
Fighting       | 1 5 |  5.5
Armour         | 1 5 |  5.6
Stealth        | |  2.4
Summonings     | |  1.0
Translocations | |  0.8

Action                   |  1- 3 |  4- 6 |  7- 9 | 10-12 || total
-------------------------+-------+-------+-------+-------++-------
Melee: Unarmed           |     9 |       |       |       ||     9
       Club              |    12 |       |       |       ||    12
       Halberd           |    13 |    63 |   130 |     3 ||   209
       Mace              |       |       |    31 |       ||    31
       Dagger            |       |       |     1 |       ||     1
       Trident           |       |       |    64 |    97 ||   161
       Whip              |       |       |    54 |       ||    54
       Flail             |       |       |       |   148 ||   148
Throw: Dart              |    11 |       |       |       ||    11
       Stone             |     5 |       |    33 |       ||    38
 Cast: Magic Dart        |    64 |   118 |   168 |    26 ||   376
       Mephitic Cloud    |     1 |     3 |    24 |    28 ||    56
       Conjure Flame     |       |     6 |    38 |    27 ||    71
       Dispel Undead     |       |       |       |     3 ||     3
 Abil: Dig               |     1 |     2 |    10 |     6 ||    19
  Use: Scroll            |       |       |     7 |     6 ||    13
       Potion            |       |       |     1 |     2 ||     3
 Stab: Confused          |       |     2 |     3 |     6 ||    11
  Eat: Chunk             |     2 |     8 |    12 |    11 ||    33
       Ration            |       |       |     1 |       ||     1
Armor: Robe              |     8 |     7 |    33 |       ||    48
       Ring mail         |       |       |    36 |    72 ||   108
       Troll leather arm |       |       |       |    15 ||    15
Dodge: Dodged            |    33 |    27 |   130 |   170 ||   360
